 Dungeon Crawl Stone Soup version 0.28-b1-25-g9875b3fc8c (webtiles) character file.

Game seed: 15254099876053434754

48 sanka the Chopper (level 3, 0/33 HPs)
             Began as a Hill Orc Delver on Feb 6, 2022.
             Succumbed to an adder's poison
             ... on level 3 of the Dungeon.
             The game lasted 00:01:56 (1049 turns).

sanka the Chopper (Hill Orc Delver)                 Turns: 1049, Time: 00:01:56

Health: 0/33       AC:  3    Str: 16    XL:     3   Next: 72%
Magic:  3/3        EV: 11    Int: 10    God:
Gold:   40         SH:  0    Dex: 12    Spells: 2/2 levels left

rFire   . . .      SeeInvis .   a - +0 hand axe
rCold   . . .      Faith    .   (no shield)
rNeg    . . .      Spirit   .   b - +0 leather armour
rPois   .          Reflect  .   (no helmet)
rElec   .          Harm     .   (no cloak)
rCorr   .          Rampage  .   (no gloves)
Will    .....                   (no boots)
Stlth   ++........              (no amulet)
HPRegen 0.11/turn               (no ring)
MPRegen 0.08/turn               (no ring)

@: lethally poisoned (0 -> -5)
A: no striking features
a: no special abilities


You were on level 3 of the Dungeon.
You visited 1 branch of the dungeon, and saw 3 of its levels.

You collected 40 gold pieces.

Inventory:

Hand Weapons
 a - a +0 hand axe (weapon)
Armour
 b - a +0 leather armour (worn)
Jewellery
 h - a ring of wizardry
Wands
 g - a wand of digging (3)
Scrolls
 c - a scroll of fog
 d - a scroll of magic mapping
 e - a scroll of fear
 i - a scroll of enchant armour {unknown}
Potions
 f - 2 potions of haste


   Skills:
 - Level 4.0 Fighting
 + Level 5.0 Axes
 - Level 1.5 Dodging
 - Level 4.1 Stealth


You had 2 spell levels left.
You didn't know any spells.
Your spell library was empty.

Dungeon Overview and Level Annotations

Branches:
Dungeon (5/15)
 Temple: D:4-7

Altars:


Message History

The adder barely misses you.
Unknown command.
You barely miss the adder.
The adder is moderately wounded.
You feel sick. The adder bites you.
Unknown command.
You hit the adder.
The adder is severely wounded.
You feel sick. The adder bites you.
* * * LOW HITPOINT WARNING * * *
You are lethally poisoned!
The adder poisons you! The adder bites you but does no damage.
Unknown command.
You hit the adder.
The adder is almost dead.
* * * LOW HITPOINT WARNING * * *
You feel very sick. The adder closely misses you.
Unknown command.
You completely miss the adder.
The adder is almost dead.
* * * LOW HITPOINT WARNING * * *
You feel sick.
The adder bites you but does no damage. x2
Unknown command.
Okay, then.
You barely miss the adder.
The adder is almost dead.
* * * LOW HITPOINT WARNING * * *
You feel sick. The adder closely misses you.
Unknown command.
Unknown command.
Unknown command.
You hit the adder.
You kill the adder!
* * * LOW HITPOINT WARNING * * *
You feel sick.
Your Axes skill increases to level 5!
Unknown command.
Unknown command.
You die...

.............. .........
.........................
..................#.....#
................#........
.#...#.#..#.....#........
.....#.#..#.....#........
.......#..#.............#
........#.#.....#.†...#
.......#.#.....#@#.....#
.##.....#.#....†#........
.#.#.....#.#+#.#.#.#.#...
..#.#...#.......#.#.#....
...#....+................
..#.....#.......#.......#
.#.♣♣..#.#+#.............
...PP...#.#.#.#.#.#.#.#.
..P♣_........#.#.# #.#.


There were no monsters in sight!

Vanquished Creatures
  4 adders
  A worm (D:3)
  2 endoplasms (D:3)
  2 giant cockroaches
  A goblin (D:3)
  A frilled lizard (D:3)
  A kobold (D:3)
12 creatures vanquished.

Notes
Turn   | Place    | Note
-------+----------+-------------------------------------------
     0 | D:5      | sanka the Hill Orc Delver began the quest for the Orb.
     0 | D:5      | Reached XP level 1. HP: 19/19 MP: 1/1
   206 | D:4      | Reached skill level 3 in Axes
   206 | D:4      | Reached XP level 2. HP: 3/27 MP: 2/2
   580 | D:3      | Reached skill level 4 in Axes
   580 | D:3      | Reached XP level 3. HP: 11/33 MP: 3/3
   993 | D:3      | Found a faded altar of an unknown god.
  1048 | D:3      | HP: 1/33 [poisoned by an adder]
  1049 | D:3      | Reached skill level 5 in Axes
  1049 | D:3      | Succumbed to an adder's poison

Illustrated notes

Levels and vault maps discovered:
D:3:      layout_basic, grunt_dithmenos_smoke_and_mirrors,
          ebering_ecumenical_altar_petrified
D:4:      layout_basic
D:5:      layout_cave_pools

Skill      XL: |  1  2  3 |
---------------+----------+-----
Fighting       | 4 |  4.0
Axes           | 3 4 5 |  5.0
Dodging        | |  1.5
Stealth        | |  4.1

Action                   || total
-------------------------++-------
Melee: Hand axe          ||    63
       Punch             ||     1
  Use: Potion            ||     1
Armor: Leather armour    ||    17
Dodge: Dodged            ||    29
